 Dungeon Crawl Stone Soup version 0.29-a0-40-g8eb35efe60 (webtiles) character file.

Game seed: 14890170612968720494

5 bromine the Skirmisher (level 1, 0/18 HPs)
             Began as a Human Berserker on Feb 1, 2022.
             Was a Follower of Trog.
             Constricted to death by a ball python (1 damage)
             ... on level 1 of the Dungeon.
             The game lasted 00:01:37 (243 turns).

bromine the Skirmisher (Human Berserker)             Turns: 243, Time: 00:01:38

Health: 0/18       AC:  2    Str: 17    XL:     1   Next: 88%
Magic:  1/1        EV:  9    Int:  7    God:    Trog [*.....]
Gold:   26         SH:  0    Dex: 12    Spells: 0/0 levels left

rFire   . . .      SeeInvis .   a - +0 mace
rCold   . . .      Faith    +   (no shield)
rNeg    . . .      Spirit   .   b - +0 animal skin
rPois   .          Reflect  .   (no helmet)
rElec   .          Harm     .   (no cloak)
rCorr   .          Rampage  .   (no gloves)
Will    .....                   (no boots)
Stlth   +.........              c - amulet of faith
HPRegen 0.06/turn               (no ring)
MPRegen 0.07/turn               (no ring)

@: constricted
A: no striking features
a: Renounce Religion, Berserk


You were on level 1 of the Dungeon.
You worshipped Trog.
Trog was aware of your devotion.
You visited 1 branch of the dungeon, and saw 1 of its levels.

You collected 26 gold pieces.

Inventory:

Hand Weapons
 a - a +0 mace (weapon)
Armour
 b - a +0 animal skin (worn)
Jewellery
 c - an amulet of faith (around neck)


   Skills:
 + Level 3.2 Fighting
 + Level 3.1 Maces & Flails
 + Level 2.0 Armour
 + Level 2.0 Dodging


You couldn't memorise any spells.
You didn't know any spells.
Your spell library was empty.

Dungeon Overview and Level Annotations

Branches:
Dungeon (1/15)

Altars:


Message History

You closely miss the bat.
The ball python hisses angrily.
The bat misses you. The bat barely misses you. The kobold closely misses you.
The kobold hits you with a +0 dagger.
You see here a +0 short sword.
You hit the kobold.
The kobold is moderately wounded.
The bat closely misses you. The rat bites you. The kobold misses you.
You hit the kobold.
You kill the kobold!
Trog accepts your kill. The bat hits you but does no damage.
The rat closely misses you. The goblin closely misses you.
The ball python bites you but does no damage.
The ball python completely misses you. The rat bites you.
The ball python closely misses you. The ball python barely misses you.
The goblin hits you with a +0 club. The bat misses you.
Things that are here:
a +0 dagger; a kobold corpse You barely miss the rat.
The bat hits you but does no damage. The ball python bites you.
The ball python grabs you. The ball python constricts you.
The rat closely misses you. The goblin hits you with a +0 club.
* * * LOW HITPOINT WARNING * * *
The ball python bites you but does no damage.
The ball python constricts you.
* * * LOW HITPOINT WARNING * * *
The rat bites you but does no damage.
You escape the ball python's grasp.
The goblin misses you. The bat closely misses you. The rat barely misses you.
You miss the bat. The bat closely misses you.
The bat hits you but does no damage. The goblin barely misses you.
The rat barely misses you. The goblin hits you with a +0 club.
* * * LOW HITPOINT WARNING * * *
You barely miss the bat. The bat barely misses you.
The ball python closely misses you. The ball python grabs you.
The ball python constricts you.
You die...

#...... #...... ######
#...... ##.....## #......
........## #......
.........# ########......
.........# #.....##......
.........###.....##......
........@........##......
.......rSg.b.....#.......
........)................
..................###....
.......#..........# #####
.................######
......................#
............###...###.###
......#..#####..#.# #....


You could see a goblin, a bat, a ball python and a rat.

Vanquished Creatures
  A dart slug (D:1)
  A kobold (D:1)
  A quokka (D:1)
3 creatures vanquished.

Notes
Turn   | Place    | Note
-------+----------+-------------------------------------------
     0 | D:1      | bromine the Human Berserker began the quest for the Orb.
     0 | D:1      | Reached XP level 1. HP: 18/18 MP: 1/1
   243 | D:1      | Constricted to death by a ball python

Illustrated notes

Levels and vault maps discovered:
D:1:      minmay_arrival_pointy, layout_rooms,
          dreamdust_ecumenical_altar_angels_and_demons

Action                   || total
-------------------------++-------
Melee: Mace              ||    10
Armor: Animal skin       ||     7
Dodge: Dodged            ||    25

Table legend: (Time is in decaauts)
 A = Elapsed time spent in this place.
 B = Non-inter-level travel time spent in this place.
 C = Inter-level travel time spent in this place.
 D = Time resting spent in this place.
 E = Time spent auto-exploring this place.
 F = Levels seen in this place.
 G = Mean time per level.
                   A        B        C        D        E       F      G
               +--------+--------+--------+--------+--------+-----+--------+
         Total |    245 |    245 |      0 |      0 |    181 |   1 |  245.0 |
       Dungeon |    245 |    245 |      0 |      0 |    181 |   1 |  245.0 |
               +--------+--------+--------+--------+--------+-----+--------+

Top non-repeatable levels by time:
     D:1: 245 daAuts
